 Dungeon Crawl Stone Soup version 0.14-a0-2061-g6c6fb9c (webtiles) character file.

859 M4edhros the Slinger (level 7, -2/43 HPs)
             Began as an Octopode Hunter on Jan 22, 2014.
             Shot with an arrow by a centaur (16 damage)
             ... on Level 5 of the Dungeon.
             The game lasted 00:06:07 (4307 turns).

M4edhros the Slinger (Octopode Hunter)              Turns: 4307, Time: 00:06:07

HP  -2/43        AC  1     Str 12      XL: 7   Next: 63%
MP   7/7         EV 12     Int 13      God:
Gold 170         SH  0     Dex 14      Spells:  1 memorised,  3 levels left

rFire  . . .     SeeInvis .     s - +4,+2 quarterstaff (chaos)
rCold  . . .     Clarity  .     (no shield)
rNeg   . . .     Conserve .     (helmet restricted)
rPois  .         rCorr    .     (no amulet)
rElec  .         rRot     .     r - cursed ring of hunger {unknown}
SustAb . .       Spirit   .     (no ring)
rMut   .         Warding  .     (no ring)
Saprov . . .     Stasis   .     (no ring)
MR     .....                    (no ring)
                                (no ring)
                                (no ring)
                                (no ring)

@: not resistant to hostile enchantments, stealthy
A: almost no armour, amphibious, 8 rings, constrict 8, camouflage 1, gelatinous
body 1
a: no special abilities


You were on level 5 of the Dungeon.
You were hungry.

You visited 1 branch of the dungeon, and saw 5 of its levels.

You collected 170 gold pieces.

Inventory:

Hand weapons
 a - a +0,+0 short sword
 b - a +1,+1 sling
 s - a +4,+2 quarterstaff of chaos (weapon)
Missiles
 c - 17 sling bullets
 o - 33 stones (quivered)
 v - a throwing net
Magical devices
 m - a wand of fireball (0)
Comestibles
 f - 6 bread rations
 q - 14 sultanas
Scrolls
 d - a scroll of enchant armour {unknown}
 g - a scroll of magic mapping {unknown}
 h - 3 scrolls of identify {unknown}
 j - 3 scrolls of curse armour {unknown}
 k - a scroll of amnesia {unknown}
 l - 3 scrolls of remove curse {unknown}
 n - a scroll of fog {unknown}
 p - a scroll of immolation {unknown}
 u - a scroll of fear {unknown}
 y - a scroll of recharging {unknown}
Jewellery
 r - a cursed ring of hunger (left tentacle) {unknown}
Books
 x - a book of Minor Magic

   Spells                             Type                      Level
   Magic Dart                         Conjuration                  1
   Blink                              Translocation                2
   Call Imp                           Summoning                    2
   Repel Missiles                     Charms/Air                   2
   Slow                               Hexes                        2
   Conjure Flame                      Conjuration/Fire             3
   *Mephitic Cloud                    Conjuration/Poison/Air       3


   Skills:
 - Level 1.0 Fighting
 + Level 9.1 Slings
 - Level 2.0 Dodging
 - Level 1.3 Stealth


You had 3 spell levels left.
You knew the following spells:

 Your Spells              Type           Power        Failure   Level  Hunger
a - Mephitic Cloud        Conj/Pois/Air  #.......     86%         3    ####...


Dungeon Overview and Level Annotations

Branches:
Dungeon (5/16)
 Temple: D:4-7

Altars:
Trog


Innate Abilities, Weirdness & Mutations

You cannot wear most types of armour.
You are amphibious.
You can wear up to eight rings at the same time.
You can use your tentacles to constrict many enemies at once.
Your skin changes colour to match your surroundings (Stlth).
Your rubbery body absorbs attacks (AC +1).


Message History

You start resting.
Evoke which item? (* to show all) (? for menu, Esc to quit)
Okay, then.
You aren't carrying any potions.
Unknown command.
Read which item? (? for menu, Esc to quit)
Okay, then.
The centaur shouts!
The centaur unwields an uncursed lajatang.
The centaur wields a bow.
The centaur shoots an arrow.
The arrow hits you!
The centaur shoots an arrow.
The arrow hits you!
Read which item? (? for menu, Esc to quit)
As you read the scroll labeled TAGRI TOUTUOVE, it crumbles to dust.
Use on which item? (\ to view known items) (? for menu, Esc to quit)
Nothing appears to happen.
The centaur shoots an arrow.
The arrow misses you.
Put on which piece of jewellery? (? for menu, Esc to quit)
Oops, that ring feels deathly cold.
r - a cursed encrusted steel ring (left tentacle) {tried} The centaur shoots an arrow.
The arrow hits you!
You die...

..........................#
...............)..........#
...........c..........%..##
.........................#
..........c..............#
.......................###
)......................#
#....###########...#####
#<..## #@..# #...# #####
.#### . . #


You could see a centaur.

Vanquished Creatures
  An ogre (D:4)
  The ghost of M4edhros the Vandal, an average OpAM (D:4)
  A jelly (D:5)
  Dowan (D:5)
  A quasit (D:5)
  A giant frog zombie (D:5)
  A hound (D:4)
  Crazy Yiuf (D:2)
  2 orc wizards (D:4)
  An iguana (D:5)
  2 scorpions (D:4)
  4 gnolls (D:4)
  5 adders
  A giant mite (D:5)
  A worm (D:4)
  A worm (shapeshifter) (D:5)
  An adder skeleton (D:4)
  2 giant geckos
  9 orcs (D:4)
  8 bats
  8 hobgoblins
  7 jackals
  5 kobolds
  A ball python (D:1)
  2 giant cockroaches
  4 giant newts
  5 goblins
  6 rats
  2 rat skeletons (D:4)
85 creatures vanquished.

Vanquished Creatures (others)
  5 toadstools (D:1)
5 creatures vanquished.

Grand Total: 90 creatures vanquished

Notes
Turn   | Place    | Note
--------------------------------------------------------------
     0 | D:1      | M4edhros, the Octopode Hunter, began the quest for the Orb.
     0 | D:1      | Reached XP level 1. HP: 13/13 MP: 1/1
   420 | D:1      | Reached XP level 2. HP: 18/18 MP: 2/2
  1333 | D:1      | Reached skill level 5 in Slings
  1333 | D:1      | Reached XP level 3. HP: 23/23 MP: 3/3
  1668 | D:2      | Noticed Crazy Yiuf
  1691 | D:2      | Killed Crazy Yiuf
  1691 | D:2      | Reached XP level 4. HP: 28/28 MP: 4/4
  2337 | D:4      | Found a bloodstained altar of Trog.
  2348 | D:4      | Noticed M4edhros' ghost (average OpAM)
  2427 | D:4      | Reached skill level 6 in Slings
  2430 | D:4      | Reached XP level 5. HP: 20/33 MP: 5/5
  2510 | D:4      | Gained mutation: You are frail (-10% HP). [potion of mutation]
  2510 | D:4      | Gained mutation: Your flesh is heat resistant. [potion of mutation]
  2510 | D:4      | Gained mutation: You digest meat inefficiently. [potion of mutation]
  2514 | D:4      | Killed M4edhros' ghost
  2515 | D:4      | Lost mutation: You are frail (-10% HP). [potion of cure mutation]
  2515 | D:4      | Lost mutation: You digest meat inefficiently. [potion of cure mutation]
  2515 | D:4      | Lost mutation: Your flesh is heat resistant. [potion of cure mutation]
  2534 | D:4      | Noticed an ogre
  2541 | D:4      | Killed an ogre
  2541 | D:4      | Reached skill level 7 in Slings
  2541 | D:4      | Reached XP level 6. HP: 4/38 MP: 6/6
  3204 | D:4      | Reached skill level 8 in Slings
  3486 | D:4      | Reached XP level 7. HP: 23/43 MP: 7/7
  3649 | D:5      | Entered Level 5 of the Dungeon
  3861 | D:5      | Learned a level 3 spell: Mephitic Cloud
  3863 | D:5      | Noticed Duvessa
  3879 | D:5      | Noticed Duvessa
  3879 | D:5      | Duvessa changed into Duvessa the worm
  3880 | D:5      | Killed Duvessa the worm
  3881 | D:5      | Noticed Dowan
  3890 | D:5      | Killed Dowan
  4195 | D:5      | HP: 2/43 [acid (14)]
  4196 | D:5      | Reached skill level 9 in Slings
  4307 | D:5      | Shot with an arrow by a centaur

Action                   |  1- 3 |  4- 6 |  7- 9 || total
-------------------------+-------+-------+-------++-------
Melee: Short sword       |    42 |       |       ||    42
       Quarterstaff      |       |    62 |    45 ||   107
 Fire: Sling             |    13 |     6 |       ||    19
Evoke: Wand              |       |       |     4 ||     4
  Use: Potion            |       |     6 |     4 ||    10
       Scroll            |       |       |     1 ||     1
 Stab: Sleeping          |     3 |     4 |       ||     7
